 Dungeon Crawl Stone Soup version 0.30-a0-782-ge64f9170bb (webtiles) character file.

Game seed: 16777941110813342302

198937 Leeroy the Fencer (level 18, -28/92 HPs)
             Began as a Vine Stalker Warper on Feb 20, 2023.
             Was the Champion of Wu Jian.
             Killed from afar by Nikola (29 damage)
             ... with an arc of chain lightning
             ... while paralysed by a hornet
             ... on level 4 of the Swamp.
             The game lasted 01:24:16 (35526 turns).

Leeroy the Fencer (Vine Stalker Warper)            Turns: 35526, Time: 01:24:16

Health: -28/92     AC: 20    Str: 16    XL:     18   Next: 90%
Magic:  0/37       EV:  2    Int: 16    God:    Wu Jian [******]
Gold:   1240       SH:  0    Dex: 29    Spells: 10/45 levels left

rFire   . . .      SeeInvis .    n - +2 scimitar (flame)
rCold   + + .      Faith    .    (no shield)
rNeg    . . .      Spirit   +    D - +0 ice dragon scales of Absence {rF- rC++ Str+3 Int+3}
rPois   .          Reflect  .    g - +2 helmet
rElec   +          Harm     .    W - +0 cloak {Stlth+}
rCorr   .          Rampage  .    X - +2 pair of gloves
Will    ++...                    T - +0 pair of boots
Stlth   +                        l - amulet of Vitality {RegenMP++ Regen++}
HPRegen 2.75/turn                J - +6 ring of dexterity
MPRegen 1.05/turn                F - ring "Litsibro" {+Blink rElec rF+}

@: paralysed, lethally poisoned (-28 -> -29), exhausted, on berserk cooldown,
slowed, very slow
A: fangs 3, regeneration 1, magic shield, antimagic bite, no potion heal 2
a: Renounce Religion, Evoke Blink, Wall Jump, Serpent's Lash, Heavenly Storm


You were on level 4 of the Swamp.
You worshipped Wu Jian.
Wu Jian was exalted by your worship.
You visited 6 branches of the dungeon, and saw 30 of its levels.
You also visited: Sewer, Ossuary and Ice Cave.

You collected 2872 gold pieces.
You spent 1632 gold pieces at shops.

Inventory:

Hand Weapons
 n - a +2 scimitar of flaming (weapon)
 P - the +10 rapier "Pihun" {protect, Str+6}
   (You found it on level 6 of the Dungeon)

   Str:       It affects your strength (+6).
 Y - a +5 spectral great sword
Missiles
 d - 8 boomerangs of dispersal (quivered)
 j - 4 throwing nets
 o - 43 poisoned darts
 H - 11 curare-tipped darts
 V - 4 silver javelins
 Z - 3 silver boomerangs
Armour
 g - a +2 helmet (worn)
 D - the +0 ice dragon scales of Absence (worn) {rF- rC++ Str+3 Int+3}
   (You found it in an ice cave)

   Str:       It affects your strength (+3).
   Int:       It affects your intelligence (+3).
   rF:        It makes you vulnerable to fire.
   rC:        It greatly protects you from cold.
 T - a +0 pair of boots (worn)
 W - a +0 cloak of stealth (worn)
 X - a +2 pair of gloves (worn)
Jewellery
 l - the amulet of Vitality (around neck) {RegenMP++ Regen++}
   (You bought it in a shop on level 13 of the Dungeon)

   [amulet of magic regeneration]

   It increases your rate of magic regeneration.
   Regen:     It increases your rate of health regeneration.
 p - a ring of willpower
 t - a ring of poison resistance
 A - a ring of magical power
 E - a ring of positive energy
 F - the ring "Litsibro" (right hand) {+Blink rElec rF+}
   (You found it on level 15 of the Dungeon)

   [ring of protection from fire]

   rF:        It protects you from fire.
   rElec:     It insulates you from electricity.
   +Blink:    It lets you blink.
 I - a +6 ring of dexterity
 J - a +6 ring of dexterity (left hand)
 S - a +4 ring of slaying
Wands
 b - a wand of polymorph (29)
 i - a wand of paralysis (12)
 C - a wand of mindburst (18)
 K - a wand of roots (22)
 R - a wand of light (11)
Scrolls
 c - 2 scrolls of magic mapping
 e - 7 scrolls of fog
 h - 8 scrolls of teleportation
 q - 8 scrolls of enchant weapon
 s - 9 scrolls of enchant armour
 M - a scroll of summoning
 N - 3 scrolls of fear
 Q - 4 scrolls of poison
Potions
 a - a potion of might
 f - 19 potions of curing
 k - 6 potions of haste
 m - 7 potions of brilliance
 u - 4 potions of lignification
 v - 2 potions of magic
 w - 4 potions of attraction
 x - 6 potions of cancellation
 z - 2 potions of invisibility
 B - 3 potions of mutation
 G - 3 potions of flight
 L - 5 potions of ambrosia
 O - 2 potions of berserk rage
 U - a potion of resistance
Miscellaneous
 r - a lightning rod (4/4)


   Skills:
 - Level 9.3 Fighting
 - Level 20.0 Long Blades
 - Level 0.8 Throwing
 - Level 6.5 Armour
 + Level 12.6 Dodging
 - Level 14.0 Spellcasting
 - Level 10.4 Translocations
 - Level 4.0 Air Magic


You had 10 spell levels left.
You knew the following spells:

 Your Spells              Type           Power      Damage    Failure   Level
a - Blink                 Tloc           88%        N/A       1%          2
b - Vhi's Electric Charg  Tloc/Air       68%        N/A       3%          3
c - Manifold Assault      Tloc           44%        N/A       3%          4
d - Mephitic Cloud        Conj/Pois/Air  15%        N/A       38%         3
e - Wereblood             Tmut           11%        N/A       36%         2
f - Call Imp              Summ           11%        N/A       36%         2
g - Passwall              Tmut/Erth      9%         N/A       36%         2
h - Passage of Golubria   Tloc           44%        N/A       3%          4
i - Iskenderun's Mystic   Conj/Tloc      27%        2d7       28%         4
j - Tukima's Dance        Hex            11%        N/A       58%         3
k - Swiftness             Air            24%        N/A       14%         3
l - Ozocubu's Armour      Ice            11%        N/A       58%         3

Your spell library contained the following spells:

 Spells                   Type           Power      Damage    Failure   Level
 Lesser Beckoning         Tloc           88%        N/A       1%          2
 Teleport Other           Tloc           44%        N/A       1%          3
 Momentum Strike          Conj/Tloc      54%        3d9       4%          2
 Portal Projectile        Hex/Tloc       54%        N/A       9%          3
 Poisonous Vapours        Pois/Air       34%        N/A       16%         2
 Static Discharge         Conj/Air       34%        2-4/arc   16%         2
 Cigotuvi's Dreadful Rot  Necr/Pois/Air  30%        N/A       22%         2
 Foxfire                  Conj/Fire      44%        2x1d6     24%         1
 Freeze                   Ice            44%        1d6       24%         1
 Kiss of Death            Conj/Necr      44%        2d8       24%         1
 Magic Dart               Conj           44%        1d5       24%         1
 Sting                    Tmut/Pois      44%        1d5       24%         1
 Ensorcelled Hibernation  Hex/Ice        22%        N/A       36%         2
 Sublimation of Blood     Necr           11%        N/A       36%         2
 Confusing Touch          Hex            11%        N/A       58%         3
 Frozen Ramparts          Ice            22%        1d4       58%         3
 Hailstorm                Conj/Ice       11%        3d5       58%         3
 Ignite Poison            Fire/Tmut/Pois 11%        N/A       58%         3
 Inner Flame              Hex/Fire       11%        N/A       58%         3
 Spider Form              Tmut/Pois      11%        N/A       58%         3
 Summon Guardian Golem    Hex/Summ       11%        N/A       58%         3
 Anguish                  Hex/Necr       5%         N/A       94%         4
 Animate Dead             Necr           11%        N/A       94%         4
 Dispel Undead            Necr           11%        3d9       94%         4
 Flame Wave               Conj/Fire      11%        2d6       94%         4
 Fulminant Prism          Conj/Hex       5%         3d7       94%         4
 Ice Form                 Ice/Tmut       11%        N/A       94%         4
 Leda's Liquefaction      Hex/Erth       5%         N/A       94%         4
 Sticky Flame             Conj/Fire      11%        2d3       94%         4
 Summon Ice Beast         Ice/Summ       11%        N/A       94%         4
 Arcjolt                  Conj/Air       8%         1d18      96%         5
 Lightning Bolt           Conj/Air       8%         1d21      96%         5
 Freezing Cloud           Conj/Ice/Air   7%         6-21      98%         5
 Blade Hands              Tmut           5%         N/A       100%        5
 Borgnjor's Vile Clutch   Necr/Erth      5%         N/A       100%        5
 Fireball                 Conj/Fire      5%         3d5       100%        5
 Irradiate                Conj/Tmut      5%         3d13      100%        5
 Iskenderun's Battlesphe  Conj           11%        2d7       100%        5
 Lee's Rapid Deconstruct  Erth           5%         3d6*      100%        5
 Yara's Violent Unravell  Hex/Tmut       5%         3d4       100%        5
 Death Channel            Necr           5%         N/A       100%        6
 Eringya's Noxious Bog    Tmut/Pois      5%         N/A       100%        6
 Simulacrum               Ice/Necr       5%         N/A       100%        6
 Starburst                Conj/Fire      5%         6d4       100%        6
 Statue Form              Tmut/Erth      7%         N/A       100%        6
 Haunt                    Necr/Summ      5%         N/A       100%        7
 Orb of Destruction       Conj           5%         9d5       100%        7
 Ozocubu's Refrigeration  Ice            5%         4d8       100%        7
 Spellforged Servitor     Conj/Summ      5%         N/A       100%        7
 Summon Hydra             Summ           5%         N/A       100%        7
 Discord                  Hex            5%         N/A       100%        8
 Infestation              Necr           5%         N/A       100%        8
 Lehudib's Crystal Spear  Conj/Erth      5%         10d3      100%        8
 Chain Lightning          Conj/Air       8%         3d11      100%        9
 Fire Storm               Conj/Fire      5%         8d2       100%        9
 Polar Vortex             Ice            5%         N/A       100%        9


Dungeon Overview and Level Annotations

Branches:
Dungeon (15/15)            Temple (1/1) D:6            Lair (5/5) D:9
  Swamp (4/4) Lair:3       Spider (4/4) Lair:3        Slime (0/5) Lair:5
    Orc (0/2) D:10         Vaults (0/5) D:13         Depths (1/4) D:15
  Sewer (visited)         Ossuary (visited)           IceCv (visited)

Altars:
Ashenzari
Cheibriados
Dithmenos
Elyvilon
Fedhas
Gozag
Hepliaklqana
Kikubaaqudgha
Makhleb
Nemelex Xobeh
Okawaru
Qazlal
Ru
Sif Muna
Trog
Uskayaw
Vehumet
Wu Jian
Xom
Yredelemnul
Zin
The Shining One

Shops:
D:10 (   D:13 =

Annotations:
Lair:2 3 runed translucent doors, Qeegir's ghost, journeyman HOFi
Lair:5 exclusion: obsidian statue
Swamp:4 Nikola
Spider:4 Mlioglotl
Depths:1 the Enchantress


Innate Abilities, Weirdness & Mutations

You have razor-sharp teeth.
Your natural rate of healing is unusually fast.
When hurt, damage is shared between your health and your magic reserves.
Your bite disrupts and absorbs the magic of your enemies.
Potions cannot restore your health.


Message History

You barely miss the hornet. You bite the hornet. You drain its power.
You feel invigorated.
The hornet is lightly wounded.
Your unstable footing causes you to fumble your attack.
You miss the hornet. You bite the hornet, but do no damage.
The hornet is lightly wounded.
You slice the hornet!! You burn the hornet! You punch the hornet.
You kill the hornet!
The Council accepts your kill.
You feel very sick.
You are no longer poisoned.
The swamp dragon no longer looks unusually strong.
Your goliath frog dissolves into shadows!
The hornet barely misses you.
The hornet stings you but does no damage.
The hornet stings you.
You suddenly lose the ability to move!
The four-headed hydra bites you!
* * * LOW HITPOINT WARNING * * *
The four-headed hydra bites you but does no damage. x2
The four-headed hydra completely misses you.
The swamp drake breathes poison at you.
The noxious blast engulfs you but does no damage.
You are poisoned.
The hornet stings you!
* * * LOW HITPOINT WARNING * * *
You feel as though you will be slow longer.
The shambling mangrove hits you!
* * * LOW HITPOINT WARNING * * *
The four-headed hydra bites you but does no damage. x3
The four-headed hydra bites you!
* * * LOW HITPOINT WARNING * * *
Nikola mumbles some strange words.
Lightning arcs from Nikola's hands!
The bolt of lightning hits the hornet!!
The hornet dies!
A bolt of lightning appears from out of thin air!
The bolt of lightning hits the shambling mangrove!!!
The shambling mangrove is destroyed!
The bolt of lightning hits the four-headed hydra!
The bolt of lightning hits you!! You resist.
You die...

....~=..~ ...@~~~~.
~..~~~.~~..♣ D~~~~~~~.
......~~~~♣ ~~~§~~~.♣
♣.~§~~....♣ .~~~~~~.♣♣
♣.~~~~~§.♣ ..~D~~.~~♣♣
♣~§~~§~~.♣ ....~~~..†♣♣
♣.§§~~~~~♣♣
≈..~...)~~.♣♣♣♣k○○~~~~.♣♣
≈≈≈.~.♣~~~~.♣♣D°@○~~~~..♣
≈≈...♣♣.~~~..○○D○○.§~~..♣♣
≈.D.. ♣♣...♣○..[~♣♣~@~~.~♣
≈≈.. ♣♣♣♣♣.§~..♣♣§~~~~.♣♣
≈≈. ♣§§~~~.♣♣♣♣.~~~~♣ ≈≈≈
♣♣~.~~..~♣♣♣?..♣♣
♣.§~~.~~.♣♣♣..♣
♣.~...~~~♣♣♣~~♣
..~...♣..~.♣♣..§♣


You could see Nikola (very poisoned), a four-headed hydra, a swamp dragon and a
swamp drake (catching breath).

Vanquished Creatures
  Bai Suzhen (Spider:3)
  Arachne (Spider:2)
  Rupert (D:13)
  2 liches (Depths:1)
  Frances (D:13)
  Kirke (D:15)
  Donald (Spider:3)
  The ghost of Nonseq the Fighter, an adept DsFE of Gozag (Spider:2)
  An azure jelly (IceCv)
  An emperor scorpion (Spider:1)
  3 ghost moths
  A frost giant (Depths:1)
  A deep elf sorcerer (D:11)
  4 stone giants (Depths:1)
  2 quicksilver oozes (IceCv)
  2 eleionomae (Swamp:1)
  3 bunyips
  2 dire elephants (Lair:5)
  3 spark wasps
  A deep elf death mage (D:11)
  An ettin (Depths:1)
  A great orb of eyes (D:15)
  6 entropy weavers
  Fannar (D:10)
  2 rakshasas
  8 hydras
  2 ghost crabs
  An ice dragon (Depths:1)
  An ogre mage (D:15)
  4 radroaches
  5 boulder beetles
  2 centaur warriors (D:13)
  5 jorogumos
  2 dancing weapons (D:13)
  A death knight (D:15)
  7 two-headed ogres
  9 alligators
  2 deep troll shamans (Depths:1)
  2 deep troll earth magi (Depths:1)
  Sonja (D:10)
  Nergalle (D:10)
  2 pharaoh ants
  2 spriggan druids
  3 skeletal warriors (D:15)
  2 bog bodies
  4 swamp dragons
  Lodul (D:10)
  2 spectral death yaks (Lair:5)
  A spectral anaconda (Lair:5)
  A goliath frog (Swamp:2)
  5 deep trolls (Depths:1)
  5 steelbarb worms
  11 orb spiders
  3 wizards
  3 necromancers (Lair:5)
  3 orc knights
  Pikel (D:8)
  2 deep elf zephyrmancers (D:11)
  3 deep elf pyromancers (D:11)
  20 wolf spiders
  2 will-o-the-wisps (Swamp:2)
  3 cyclopes
  5 moths of wrath
  6 manticores
  10 ugly things
  Maurice (D:8)
  A dire elephant zombie (Lair:5)
  17 elephants
  9 demonic crawlers
  Joseph (D:7)
  5 torpor snails
  An ice statue (IceCv)
  3 black mambas
  A dire elephant skeleton (Lair:5)
  An unseen horror (shapeshifter) (D:15)
  Maggie (D:7)
  A gargoyle (D:12)
  An unseen horror (D:10)
  3 freezing wraiths
  8 cane toads
  A cane toad (shapeshifter) (D:15)
  An efreet (D:14)
  11 komodo dragons
  7 kobold demonologists (D:11)
  5 rime drakes
  5 tengu conjurers
  9 polar bears
  2 trolls
  A hornet (shapeshifter) (D:13)
  Grinder (Sewer)
  27 tarantellas
  9 hornets
  A spectral elephant (Lair:5)
  9 blink frogs
  5 tyrant leeches
  A dream sheep (shapeshifter) (D:15)
  6 dream sheep (Lair:5)
  21 slime creatures
  A shadow (D:10)
  23 jumping spiders
  Sigmund (D:5)
  19 culicivoras
  3 wraiths
  7 spriggans
  A vampire (D:9)
  74 yaks
  A hog (shapeshifter) (D:15)
  5 wyverns
  A water elemental (D:11)
  An unseen horror simulacrum (D:10)
  8 basilisks
  3 hogs (D:15)
  A golden eye (shapeshifter) (D:14)
  55 redbacks
  A death yak simulacrum (Lair:5)
  A steam dragon (D:8)
  26 vampire mosquitoes
  A spectral cane toad (Lair:5)
  10 swamp worms
  Duvessa (D:5)
  A warg (D:15)
  13 water moccasins
  A black bear (D:9)
  14 orc warriors
  A swamp drake (Swamp:2)
  3 sky beasts
  3 great orb of eyes simulacra (IceCv)
  4 ice beasts
  9 ogres
  18 wolves
  3 elephant zombies (Lair:5)
  3 phantoms
  6 centaurs
  An elephant skeleton (Lair:5)
  6 slime creature simulacra (IceCv)
  4 kobold brigands
  13 bullfrogs
  2 glowing shapeshifter simulacra (IceCv)
  2 necrophages
  2 two-headed ogre simulacra (D:12)
  2 scorpions
  4 cane toad simulacra (Lair:5)
  8 wights (D:8)
  2 gnoll sergeants
  Dowan (D:5)
  An elephant simulacrum (Lair:5)
  17 killer bees (D:9)
  3 howler monkeys
  7 electric eels
  2 quasits (Sewer)
  10 orc priests
  Crazy Yiuf (D:7)
  3 hounds
  A gnoll bouda (D:4)
  2 iguanas
  10 orc wizards
  8 shapeshifter simulacra (IceCv)
  3 spriggan simulacra (D:12)
  2 troll simulacra (D:12)
  8 mummies (Ossuary)
  16 gnolls
  7 adders
  A naga simulacrum (D:12)
  A shadow imp (D:7)
  10 white imps
  4 ufetubi
  3 worms
  2 dart slugs (D:1)
  56 orcs
  5 bats
  2 bat zombies (Sewer)
  15 endoplasms
  5 giant cockroaches
  11 goblins
  2 hobgoblins
  4 jackals (D:2)
  7 quokkas
  12 ball pythons
  5 frilled lizards
  2 gnoll zombies (Ossuary)
  3 hobgoblin zombies (Ossuary)
  30 kobolds
  3 kobold zombies (Ossuary)
  5 rats
1032 creatures vanquished.

Vanquished Creatures (collateral kills)
  A hydra (Swamp:4)
  2 swamp dragons (Swamp:4)
  A spriggan druid (Swamp:4)
4 creatures vanquished.

Vanquished Creatures (others)
  A shambling mangrove (Swamp:4)
  A bloated husk (Swamp:3)
  A hornet (Swamp:4)
  A culicivora (Spider:4)
  2 humans (D:15)
  An orc (D:15)
  A bat (D:1)
  A kobold (D:11)
  A kobold zombie (Sewer)
  3 bushes (Lair:5)
  2 foxfires (Swamp:2)
  63 fungi
  107 plants
  26 withered plants (Lair:5)
211 creatures vanquished.

Grand Total: 1247 creatures vanquished

Notes
Turn   | Place    | Note
-------+----------+-------------------------------------------
     0 | D:1      | Leeroy the Vine Stalker Warper began the quest for the Orb.
     0 | D:1      | Reached XP level 1. HP: 11/11 MP: 4/4
    88 | D:1      | Reached skill level 2 in Long Blades
    94 | D:1      | Reached XP level 2. HP: 9/15 MP: 3/6
   326 | D:1      | Reached skill level 3 in Long Blades
   329 | D:1      | Reached XP level 3. HP: 18/18 MP: 7/7
   628 | D:1      | Found a faded altar of an unknown god.
   991 | D:2      | Gained mutation: Your natural rate of healing is unusually
                  | fast. [Vine Stalker growth]
   991 | D:2      | Reached XP level 4. HP: 23/23 MP: 8/8
  1142 | D:2      | Reached skill level 4 in Long Blades
  1888 | D:3      | Reached XP level 5. HP: 26/26 MP: 4/9
  1900 | D:3      | Reached skill level 5 in Long Blades
  1900 | D:3      | Found an iron altar of Okawaru.
  2153 | D:3      | Found a glowing drain.
  2167 | Sewer    | Entered a sewer
  2284 | Sewer    | Found a burning altar of Makhleb.
  2295 | Sewer    | Reached XP level 6. HP: 30/30 MP: 8/10
  2324 | Sewer    | Noticed Grinder
  2361 | Sewer    | Killed Grinder
  2362 | Sewer    | Reached skill level 6 in Long Blades
  2362 | Sewer    | Reached XP level 7. HP: 17/34 MP: 6/11
  2469 | Sewer    | Reached skill level 7 in Long Blades
  3135 | D:4      | Found a blossoming altar of Fedhas.
  3260 | D:4      | Found a sand-covered staircase.
  3335 | Ossuary  | Entered an ossuary
  3448 | Ossuary  | Reached skill level 8 in Long Blades
  3756 | D:4      | Gained mutation: You have razor-sharp teeth. [Vine Stalker
                  | growth]
  3756 | D:4      | Reached XP level 8. HP: 27/38 MP: 4/12
  3878 | D:4      | Learned a level 2 spell: Blink
  3882 | D:4      | Learned a level 3 spell: Vhi's Electric Charge
  3887 | D:4      | Learned a level 4 spell: Manifold Assault
  3891 | D:4      | Learned a level 3 spell: Mephitic Cloud
  3930 | D:4      | Learned a level 2 spell: Wereblood
  4187 | D:5      | Entered Level 5 of the Dungeon
  4242 | D:5      | Noticed Sigmund
  4253 | D:5      | Killed Sigmund
  4324 | D:5      | Noticed a wraith
  4340 | D:5      | Killed a wraith
  4341 | D:5      | Reached skill level 5 in Spellcasting
  4497 | D:5      | You fall into a shaft and drop 3 floors!
  4604 | D:8      | Reached XP level 9. HP: 8/42 MP: 2/18
  4772 | D:7      | Reached skill level 9 in Long Blades
  4878 | D:7      | Noticed Maggie
  4901 | D:7      | Killed Maggie
  4975 | D:7      | Noticed Joseph
  5017 | D:7      | Killed Joseph
  5071 | D:7      | Reached skill level 10 in Long Blades
  5278 | D:7      | Found a sacrificial altar of Ru.
  5568 | D:7      | Found a basalt altar of Yredelemnul.
  5859 | D:6      | Found a staircase to the Ecumenical Temple.
  5868 | D:6      | Reached XP level 10. HP: 46/46 MP: 21/21
  5877 | Temple   | Entered the Ecumenical Temple
  6222 | Temple   | Became a worshipper of the Wu Jian Council
  6309 | D:6      | Identified the +10 rapier "Pihun" {protect, Str+6}
  6324 | D:6      | Reached skill level 11 in Long Blades
  6920 | D:5      | Noticed Duvessa
  6920 | D:5      | Noticed Dowan
  6925 | D:5      | Killed Dowan
  6933 | D:5      | Killed Duvessa
  7322 | D:5      | Found a broken altar of Ashenzari.
  7522 | D:7      | Found a runed translucent door.
  7523 | D:7      | Noticed Crazy Yiuf
  7531 | D:7      | Killed Crazy Yiuf
  7610 | D:8      | Found a snail-covered altar of Cheibriados.
  7932 | D:8      | Found a stormy altar of Qazlal.
  7936 | D:8      | Found a shimmering altar of Xom.
  8227 | D:8      | Noticed Pikel
  8238 | D:8      | Killed Pikel
  8239 | D:8      | Reached skill level 12 in Long Blades
  8281 | D:8      | Noticed Maurice
  8289 | D:8      | Killed Maurice
  8564 | D:8      | Learned a level 2 spell: Call Imp
  8567 | D:8      | Learned a level 2 spell: Passwall
  8876 | D:9      | Found a staircase to the Lair.
  8887 | D:9      | Reached * piety under Wu Jian
  8950 | D:9      | Reached skill level 13 in Long Blades
  9021 | D:9      | Reached XP level 11. HP: 46/50 MP: 18/22
  9085 | D:9      | Found a glowing silver altar of Zin.
  9351 | D:9      | Reached ** piety under Wu Jian
  9451 | D:9      | Reached skill level 14 in Long Blades
  9654 | D:10     | Entered Level 10 of the Dungeon
  9680 | Lair:1   | Entered Level 1 of the Lair of Beasts
 10406 | Lair:2   | Reached skill level 15 in Long Blades
 10729 | Lair:2   | Reached XP level 12. HP: 54/54 MP: 23/23
 10895 | Lair:2   | Reached skill level 16 in Long Blades
 11023 | Lair:2   | Found a runed translucent gate.
 11024 | Lair:2   | Found a runed translucent gate.
 11026 | Lair:2   | Found a runed translucent gate.
 11414 | Lair:2   | Noticed Qeegir's ghost (journeyman HOFi)
 11468 | Lair:3   | Found a hole to the Spider Nest.
 11688 | Lair:3   | Reached *** piety under Wu Jian
 12231 | Lair:3   | Found a staircase to the Swamp.
 12291 | Lair:3   | Reached skill level 17 in Long Blades
 12673 | Lair:4   | Noticed a boulder beetle
 12944 | Lair:4   | Reached skill level 18 in Long Blades
 12949 | Lair:4   | Reached XP level 13. HP: 55/58 MP: 24/24
 12958 | Lair:4   | Reached XP level 14. HP: 72/72 MP: 25/25
 13345 | Lair:4   | Reached **** piety under Wu Jian
 13825 | Lair:5   | Entered Level 5 of the Lair of Beasts
 13911 | Lair:5   | Reached skill level 5 in Dodging
 14235 | Lair:5   | Reached ***** piety under Wu Jian
 14357 | Lair:5   | Noticed a dire elephant
 14357 | Lair:5   | Noticed a dire elephant
 14357 | Lair:5   | Noticed a dire elephant
 14626 | Lair:5   | Found a staircase to the Slime Pits.
 14866 | Lair:5   | Killed a dire elephant
 14928 | Lair:5   | Killed a dire elephant
 15707 | Lair:5   | Reached skill level 19 in Long Blades
 15758 | Lair:5   | Got the Papyrus of Position
 16531 | Swamp:1  | Entered Level 1 of the Swamp
 16531 | Swamp:1  | Noticed an eleionoma
 16685 | Spider:1 | Entered Level 1 of the Spider Nest
 17147 | Lair:3   | Reached XP level 15. HP: 21/75 MP: 21/26
 17545 | Spider:1 | Noticed an emperor scorpion
 17950 | D:10     | Noticed Sonja
 18078 | D:10     | Noticed Nergalle
 18088 | D:10     | Killed Nergalle
 18115 | D:10     | Found Doseck's Weapon Shop.
 18162 | D:10     | Found a staircase to the Orcish Mines.
 18224 | D:10     | Noticed Fannar
 18243 | D:10     | Killed Fannar
 18289 | D:10     | Noticed Lodul
 18299 | D:10     | Killed Lodul
 18397 | D:10     | Reached skill level 20 in Long Blades
 18733 | D:10     | Reached ****** piety under Wu Jian
 18870 | D:10     | Killed Sonja
 20020 | D:11     | Reached skill level 5 in Translocations
 20101 | D:11     | Found a shimmering blue altar of Sif Muna.
 20129 | D:11     | Got Sif Muna's Volume of Malediction
 20135 | D:11     | Learned a level 4 spell: Passage of Golubria
 20140 | D:11     | Learned a level 4 spell: Iskenderun's Mystic Blast
 20163 | D:11     | Got the Exposition on Concussion
 20176 | D:11     | Got Yjuopriv's Tome of Entranced Battling
 20262 | D:11     | Learned a level 3 spell: Tukima's Dance
 20292 | D:11     | Noticed a deep elf sorcerer
 20297 | D:11     | Killed a deep elf sorcerer
 20366 | D:11     | Got Sif Muna's Tome of Contamination
 20368 | D:11     | Got the Tome of Virulence and Shapes
 20669 | D:12     | Found a frozen archway.
 20794 | IceCv    | Entered an ice cave
 20874 | IceCv    | Reached skill level 1 in Armour
 20934 | IceCv    | Found the +8 frozen axe "Frostbite" {freeze, freezing
                  | cloud, *Noise Fly rC+}
 21587 | IceCv    | Got Ihyumyot's Codex of Hoarfrost
 21744 | IceCv    | Found a viscous altar of Jiyva.
 21744 | IceCv    | Noticed an azure jelly
 21889 | IceCv    | Identified the +0 ice dragon scales of Absence {rF- rC++
                  | Str+3 Int+3}
 21889 | IceCv    | Killed an azure jelly
 22075 | IceCv    | Learned a level 3 spell: Swiftness
 22566 | D:12     | Reached XP level 16. HP: 69/80 MP: 26/30
 22753 | D:13     | Noticed Frances
 22846 | D:13     | Found a gate to the Vaults.
 22899 | D:13     | Found Cuseffof's Jewellery Emporium.
 22912 | D:13     | Bought the amulet of Vitality {RegenMP++ Regen++} for 1200
                  | gold pieces
 22912 | D:13     | Found the amulet of Vitality {RegenMP++ Regen++}
 22950 | D:13     | Killed Frances
 22951 | D:13     | Reached skill level 5 in Armour
 23224 | D:13     | Noticed Rupert
 23235 | D:13     | Killed Rupert
 23560 | D:13     | Bought a +6 ring of dexterity for 432 gold pieces
 24557 | D:15     | Entered Level 15 of the Dungeon
 24788 | D:15     | Noticed Kirke
 24802 | D:15     | Killed Kirke
 25096 | D:15     | Identified the ring "Litsibro" {+Blink rElec rF+}
 25447 | D:15     | Reached skill level 10 in Dodging
 25723 | D:15     | Found a staircase to the Depths.
 25732 | Depths:1 | Entered Level 1 of the Depths
 25769 | Depths:1 | Noticed a lich
 25781 | Depths:1 | Killed a lich
 26204 | Depths:1 | Reached XP level 17. HP: 81/84 MP: 31/31
 26206 | Depths:1 | Reached skill level 10 in Spellcasting
 26406 | Depths:1 | Noticed a lich
 26412 | Depths:1 | Killed a lich
 26434 | Depths:1 | Noticed the Enchantress
 28279 | Spider:1 | Paralysed by a jorogumo for 2 turns
 28858 | Spider:2 | Found a runed translucent door.
 28859 | Spider:2 | Noticed Nonseq's ghost (adept DsFE)
 28903 | Spider:2 | Reached skill level 1 in Air Magic
 29036 | Spider:2 | Noticed Arachne
 30026 | Spider:2 | Killed Arachne
 30496 | Spider:2 | Killed Nonseq's ghost
 30513 | Spider:3 | Noticed Bai Suzhen
 30524 | Spider:3 | Killed Bai Suzhen
 31619 | Spider:3 | Noticed Donald
 31627 | Spider:3 | Killed Donald
 31627 | Spider:3 | Reached skill level 10 in Translocations
 31627 | Spider:3 | Reached XP level 18. HP: 50/92 MP: 20/34
 31985 | Spider:4 | Entered Level 4 of the Spider Nest
 32506 | Spider:4 | Noticed Mlioglotl
 33037 | Spider:4 | Learned a level 3 spell: Ozocubu's Armour
 35451 | Swamp:4  | Entered Level 4 of the Swamp
 35493 | Swamp:4  | Identified the +0 pair of gloves "Ifyw Leff" {+Inv Regen+
                  | Str+8 Slay-6}
 35493 | Swamp:4  | Noticed Nikola
 35523 | Swamp:4  | HP: 4/92 [swamp dragon[a spriggan druid] (3)]
 35526 | Swamp:4  | Paralysed by a hornet for 2 turns
 35526 | Swamp:4  | HP: 1/92 [four-headed hydra[a spriggan druid] (3)]
 35526 | Swamp:4  | Killed from afar by Nikola

Illustrated notes

Levels and vault maps discovered:
D:1:      evilmike_arrival_hilbert_curve, layout_basic,
          dreamdust_ecumenical_altar_statues, minmay_box_of_dots
D:2:      layout_loops_ring, nicolae_titane
D:3:      layout_loops_cross, okawaru_metal_pillars_1_2, serial_forest,
          infiniplex_forest_lined_2, infiniplex_forest_lined_room_2,
          infiniplex_forest_lined_2, infiniplex_forest_end_double,
          infiniplex_forest_3_way, infiniplex_forest_lined_room_,
          infiniplex_forest_lined_4_way, cheibrodos_sewer_entry_bend,
          hangedman_decor_push
D:4:      layout_loops_ring, mainiacjoe_overflow_concentric_impassable,
          nicolae_ossuary_entry_ruins
D:5:      layout_loops_ring, marbit_many_paths, uniq_sigmund, uniq_duvessa
D:6:      layout_gridville, minmay_temple_entry_proselytizer,
          nicolae_figureground_pulse
D:7:      layout_loops_ring, yredelemnul_altar_generic,
          mainiacjoe_overflow_catwalk, uniq_crazy_yiuf_cottage, uniq_maggie,
          uniq_joseph
D:8:      layout_loops_corners, jmf_multi_god_temple, cheibriados_altar_1,
          serial_bayou_ford_a, patterned_corridor, uniq_pikel, uniq_maurice
D:9:      layout_loops_ring, lemuel_coloured_pillars_altar,
          due_lair_maze_entry_diamond, minmay_holes
D:10:     layout_layer_cave, david_orc_4, serial_shops,
          nicolae_shop_bloodbath_and_beyond, serial_ice, serial_ice_e,
          serial_ice_d, serial_ice_b, serial_ice_o, serial_ice_j, serial_ice_g,
          uniq_nergalle, uniq_fannar, uniq_lodul, uniq_sonja
D:11:     evilmike_library_of_no_secrets, layout_small_grid,
          minmay_stone_trees_small, hive_lemuel
D:12:     layout_roguey [special_room_orc], portal_ice_cave_entry_ice_simulacra
D:13:     layout_basic, erik_vaults_1, serial_shops, shop, uniq_frances,
          uniq_rupert
D:14:     layout_basic, minmay_misc_feat_diagonals, minmay_crystal_water
D:15:     gammafunk_enter_depths_forms, layout_basic, uniq_kirke
Temple:   oiseaux_autumnal_temple
Lair:1:   layout_misc_corridors
Lair:2:   layout_cave_pods, gammafunk_ghost_necromancy, serial_bayou_pond_c,
          lemuel_fruit_tree
Lair:3:   layout_small_grid, minmay_swamp_entry_swarm, spider_nest_entry_a,
          serial_rivers, chequers_serial_rivers_micro_c,
          chequers_serial_rivers_micro_d, chequers_serial_rivers_small_a,
          chequers_serial_rivers_room_b, serial_bayou_shore_b
Lair:4:   layout_small_grid, infiniplex_staircase_pool_2, grunt_megastairs_5
Lair:5:   due_jungle_book, layout_misc_corridors, dpeg_slime_entry_corner,
          serial_forest, infiniplex_forest_lined_room_2,
          infiniplex_forest_clump_tiny, infiniplex_forest_corner_1,
          infiniplex_forest_clump_medium, infiniplex_forest_straight_2,
          infiniplex_forest_corner_2, infiniplex_forest_clump_medium,
          cheibrodos_lair_lostbears
Swamp:1:  layout_falls_marsh, evilmike_swamp_ruin_house_1, swamp_pool4
Swamp:2:  layout_basic_swamp, evilmike_swamp_ruin_rubble_2, swamp_pool2
Swamp:3:  layout_basic_swamp, evilmike_swamp_ruin_house_4
Swamp:4:  swamp_alternative, layout_basic_swamp, infiniplex_staircase_pool,
          uniq_aizul, uniq_nikola
Spider:1: layout_chambers, drop_trap
Spider:2: layout_cave_pods, ebering_ghost_inner_flame,
          nicolae_spider_cling_halls, uniq_arachne
Spider:3: layout_chambers, guppyfry_hornet_nest, uniq_bai_suzhen, uniq_donald
Spider:4: spider_rune_water, uniq_mlioglotl
Depths:1: layout_gridlike, serial_co_window_serial, co_window_corner_a,
          co_window_corner_a, co_window_paths_a, co_window_of_opportunity_a,
          co_window_cross_1, co_window_broadway_b, co_window_broadway_b,
          co_window_unsneaky_path_d, co_window_corner_ca, grunt_hell_horde,
          kennysheep_potato, uniq_enchantress

Skill      XL: |  1  2  3  4  5  6  7  8  9 10 11 12 13 14 15 16 17 18 |
---------------+-------------------------------------------------------+-----
Long Blades    | 2 3 4 5 6 8 10 13 15 18 19 20 | 20.0
Spellcasting   | 5 6 7 9 11 14 | 14.0
Dodging        | 3 7 8 11 12 | 12.6
Fighting       | 7 9 |  9.3
Translocations | 6 10 | 10.4
Armour         | 4 6 |  6.5
Air Magic      | 4 |  4.0
Throwing       | |  0.8

Action                     |  1- 3 |  4- 6 |  7- 9 | 10-12 | 13-15 | 16-18 || total
---------------------------+-------+-------+-------+-------+-------+-------++-------
  Melee: Falchion          |    82 |   134 |       |       |       |       ||   216
         Bite              |    18 |    29 |   154 |   198 |   426 |   562 ||  1387
         Short sword       |       |    28 |    71 |       |       |       ||    99
         Punch             |       |     2 |     8 |       |       |     3 ||    13
         Long sword        |       |       |   383 |    20 |       |       ||   403
         Great sword       |       |       |       |   591 |  1082 |  1207 ||  2880
         Rapier            |       |       |       |    40 |       |       ||    40
         Scimitar          |       |       |       |       |       |   121 ||   121
  Throw: Boomerang         |       |       |     2 |       |       |       ||     2
   Cast: Vhi's Electric Ch |       |       |     1 |       |     2 |     2 ||     5
         Blink             |       |       |       |       |     3 |     3 ||     6
         Call Imp          |       |       |       |       |     2 |       ||     2
         Passage of Golubr |       |       |       |       |     1 |     1 ||     2
         Wereblood         |       |       |       |       |     1 |       ||     1
 Invoke: Serpent's Lash    |       |       |       |       |     7 |    12 ||    19
         Heavenly Storm    |       |       |       |       |       |     2 ||     2
Ability: Lunge             |       |       |       |    28 |    89 |    84 ||   201
         Whirlwind         |       |       |       |    74 |   199 |   236 ||   509
         Wall Jump         |       |       |       |     6 |    26 |    45 ||    77
  Evoke: Wand              |       |       |       |       |       |     5 ||     5
    Use: Scroll            |       |     5 |     8 |    12 |     9 |    10 ||    44
         Potion            |       |       |       |       |     2 |     4 ||     6
   Stab: Sleeping          |     1 |     2 |     1 |    10 |    10 |     7 ||    31
         Distracted        |       |       |       |       |     3 |     3 ||     6
 Armour: Leather armour    |    35 |    48 |    92 |   222 |   271 |       ||   668
         Steam dragon scal |       |       |     7 |       |       |       ||     7
         Ice dragon scales |       |       |       |       |    14 |   427 ||   441
  Dodge: Dodged            |    48 |    70 |   232 |   401 |   482 |   902 ||  2135

Table legend: (Time is in decaauts)
 A = Elapsed time spent in this place.
 B = Non-inter-level travel time spent in this place.
 C = Inter-level travel time spent in this place.
 D = Time resting spent in this place.
 E = Time spent auto-exploring this place.
 F = Levels seen in this place.
 G = Mean time per level.
                   A        B        C        D        E       F      G
               +--------+--------+--------+--------+--------+-----+--------+
         Total |  35520 |  33005 |   2515 |   6412 |  18982 |  33 | 1076.4 |
       Dungeon |  15366 |  13964 |   1402 |   1081 |   9514 |  15 | 1024.4 |
        Temple |    381 |    289 |     92 |      0 |    271 |   1 |  381.0 |
          Lair |   7331 |   6720 |    611 |   1070 |   4141 |   5 | 1466.2 |
         Swamp |   2352 |   2242 |    110 |    569 |   1198 |   4 |  588.0 |
   Spider Nest |   7138 |   6920 |    218 |   2811 |   2881 |   4 | 1784.5 |
        Depths |    941 |    860 |     81 |    248 |    350 |   1 |  941.0 |
         Sewer |    397 |    397 |      0 |     22 |    210 |   1 |  397.0 |
       Ossuary |    329 |    329 |      0 |      0 |    190 |   1 |  329.0 |
      Ice Cave |   1281 |   1281 |      0 |    609 |    224 |   1 | 1281.0 |
               +--------+--------+--------+--------+--------+-----+--------+

Top non-repeatable levels by time:
  Lair:5: 2565 daAuts
Spider:1: 2544 daAuts
Spider:2: 1897 daAuts
  Lair:3: 1754 daAuts
Spider:3: 1722 daAuts
    D:10: 1495 daAuts
     D:8: 1408 daAuts
   IceCv: 1281 daAuts
  Lair:2: 1225 daAuts
    D:11: 1218 daAuts
     D:7: 1137 daAuts
     D:9: 1123 daAuts
  Lair:4: 1121 daAuts
    D:14: 1111 daAuts
    D:15: 1099 daAuts
